[Event "Slovakia Open 2022"]
[Site "Bratislava"]
[Date "2022.10.02"]
[Round "8.22"]
[White "Kucera, Michal"]
[Black "Hryshko Herman"]
[Result "1-0"]
[ECO "B77"]
[WhiteElo "1927"]
[BlackElo "1000"]
[Annotator "TA"]
[PlyCount "113"]
[EventDate "2022.09.30"]
[EventCountry "SVK"]
[SourceTitle "playchess.com"]
[Source "ChessBase"]
[SourceQuality "1"]
[TimeControl "2700+10"]

1. e4 c5 2. Nf3 d6 3. d4 cxd4 4. Nxd4 Nf6 5. Nc3 g6 6. Be3 Bg7 7. f3 Nc6 8. Bc4 O-O 9. Qd2 Nd7 10. O-O-O Nde5 {[%emt 0:03:47] B77: Sicilian Dragon: Yugoslav Attack, 9 Bc4 sidelines.} 11. Bb3 (11. Be2 $16) 11... Nxd4 (11... Bd7 $14 {feels stronger.}) 12. Bxd4 $16 {[%emt 0:00:10] [#]} Nc6 $146 {[%emt 0:00:30] White is better.} ({Predecessor:} 12... Be6 13. Nd5 a5 14. Bb6 Qd7 15. Bxa5 Bxd5 16. exd5 Rfc8 17. Bc3 Qb5 18. Bxe5 Bxe5 19. Qd3 Qb4 {½-½ (19) Hrubant,I (2133)-Buril,P (1976) Ricany 2006}) 13. Bxg7 Kxg7 14. h4 Be6 (14... h5 $16) 15. h5 $18 {[%emt 0:01:29] hxg6 is the strong threat.} Rh8 16. Nd5 {[%emt 0:06:29] And now Qc3+ would win.} Na5 (16... Qa5 $142 17. Qxa5 Nxa5) 17. hxg6 Nxb3+ 18. axb3 {[%emt 0:00:34] Dancing on a razor blade.} hxg6 19. Qd4+ ({White should try} 19. Rxh8 $18 Qxh8 20. Qd4+ (20. Nxe7 Qh2 $18) 20... f6 21. Nc7 (21. Nxe7 Qh6+ 22. Kb1 Qh2 $18)) 19... f6 $16 20. Rxh8 $40 {[%emt 0:02:52][%mdl 128] White has strong attack.} Kxh8 21. Rh1+ Kg7 {[%emt 0:00:16] [#]} 22. Qd2 {[%emt 0:00:07] Prevents Qa5. White has more active pieces.} g5 {[%emt 0:11:14] [#]} (22... Bxd5 $16 23. Qh6+ (23. Qxd5 Qd7 $14) (23. exd5 Qg8 $16) 23... Kf7) 23. f4 $1 $18 Bxd5 24. exd5 {[%emt 0:00:06][%mdl 4096] Endgame KQR-KQR} ({Don't take} 24. Qxd5 $6 Qd7 $18) 24... g4 (24... Qd7 25. fxg5 Qf5 26. gxf6+ exf6 27. Qh6+ Kf7) 25. Qe2 $2 (25. f5 Qg8 26. Qh6+ Kf7 27. Qh5+ Kf8 28. Rh4) 25... Qd7 26. f5 $1 Rg8 27. Qxg4+ Kf7 $2 (27... Kf8 $18 28. Qe4 Ke8) 28. Qe4 $2 (28. Rh7+ {mates} Kf8 29. Qh5 Rg7 30. Rh8+ Rg8 31. Qh6+ Kf7 32. Qh7+ Rg7 33. Qh5+ Rg6 34. Qxg6#) 28... Kf8 29. g4 a5 $2 (29... Ke8 30. Qe3 b6) 30. Rh4 b5 31. Qd4 {[%emt 0:01:31] Prevents Qa7.} (31. Rh7 {aiming for Qe3.} Qa7 32. Kb1) 31... a4 $2 (31... Kg7 32. Rh3 Kf7 33. Rh7+ Rg7) 32. bxa4 b4 (32... bxa4 $142 33. Rh1 Kf7) 33. Qxb4 Qa7 34. b3 Qe3+ 35. Kb2 {[%emt 0:00:24] Threatens to win with Rh7.} Qe5+ 36. Qc3 Qxd5 37. Rh7 Qb7 {[%emt 0:00:10] Against Qc8+} 38. Qc4 (38. Qe3 $142 Qd7 39. a5 d5 40. a6 d4 41. Qe6 Qxe6 42. fxe6 Rg5 43. Rh5) 38... d5 39. Qb5 $2 (39. Qc5 {a5 would kill now.} Rg7 40. Rh8+ Rg8 41. Rxg8+ Kxg8 42. a5) 39... Qa8 (39... Qxb5 $18 40. axb5 Ke8) 40. Qd7 {[%emt 0:00:13][%csl Gh7][%cal Rd7e7] White mates.} Rg7 41. Rxg7 Kxg7 42. Qxe7+ {[%emt 0:00:01] KQ-KQ} Kg8 43. Qxf6 Qa7 44. g5 d4 45. g6 d3 46. Qf7+ Qxf7 47. gxf7+ Kxf7 48. cxd3 {[%emt 0:00:01] KP-KP} Kf6 49. a5 Kxf5 50. a6 Ke5 51. a7 Kd4 52. a8=Q Kc5 53. Kc3 Kb5 54. Qc8 Ka5 55. Qb8 Ka6 56. Kc4 Ka5 57. Qa7# {[%emt 0:00:03] Weighted Error Value: White=0.84/Black=1.07} 1-0

[Event "Slovakia Open 2022"]
[Site "Bratislava"]
[Date "2022.10.02"]
[Round "8.23"]
[White "Romanova, Ela"]
[Black "Pekar, Matus"]
[Result "0-1"]
[ECO "B07"]
[WhiteElo "1580"]
[BlackElo "1679"]
[Annotator "NA COMBH"]
[PlyCount "66"]
[EventDate "2022.09.30"]
[EventCountry "SVK"]
[SourceTitle "playchess.com"]
[Source "ChessBase"]
[SourceQuality "1"]
[TimeControl "2700+10"]

1. e4 d6 2. d4 Nf6 3. Nc3 g6 4. Bc4 Bg7 5. f3 a6 6. Be3 b5 7. Bb3 O-O 8. Qd2 Nbd7 9. Nge2 Bb7 10. h4 e5 11. d5 h5 12. Rg1 Nc5 13. Bh6 Bc8 14. a3 Rb8 15. Ng3 a5 16. Nh1 Nh7 17. g3 a4 18. Ba2 b4 19. axb4 Rxb4 20. Rb1 Qf6 21. Bxg7 Kxg7 22. Ne2 Rb6 23. Qe3 Ba6 24. Qf2 Rfb8 25. g4 Rxb2 26. Rxb2 Rxb2 27. Nc3 Nd3+ 28. cxd3 Rxf2 29. Nxf2 Qxf3 30. gxh5 Qxh5 31. Nxa4 Qxh4 32. Rh1 Qg3 33. Ke2 Ng5 0-1

[Event "Slovakia Open 2022"]
[Site "Bratislava"]
[Date "2022.10.02"]
[Round "8.24"]
[White "Benci, Jozef"]
[Black "Migalko, Dmitriy"]
[Result "0-1"]
[ECO "B23"]
[WhiteElo "1873"]
[BlackElo "1528"]
[Annotator "NA RC COMBH"]
[PlyCount "52"]
[EventDate "2022.09.30"]
[EventCountry "SVK"]
[SourceTitle "playchess.com"]
[Source "ChessBase"]
[SourceQuality "1"]
[TimeControl "2700+10"]

1. e4 c5 2. Nc3 e6 3. f4 d5 4. Bb5+ Nc6 5. d3 d4 6. Nce2 Qa5+ 7. c3 Qxb5 8. Nf3 Qb6 9. cxd4 cxd4 10. O-O Nf6 11. b3 Bd7 12. Bb2 O-O-O 13. Kh1 Kb8 14. Nexd4 Ng4 15. Qe2 Bc5 16. Nxc6+ Bxc6 17. d4 Bb5 18. dxc5 Qxc5 19. Qe1 Bxf1 20. Qxf1 Nf2+ 21. Kg1 Nxe4+ 22. Kh1 Nf2+ 23. Kg1 Nd3+ 24. Bd4 Rxd4 25. Nxd4 Qxd4+ 26. Kh1 Rd8 0-1

[Event "Slovakia Open 2022"]
[Site "Bratislava"]
[Date "2022.10.02"]
[Round "8.25"]
[White "Hlavac, Tomas"]
[Black "Park, Seonjae"]
[Result "0-1"]
[ECO "B51"]
[WhiteElo "1554"]
[BlackElo "1704"]
[Annotator "NA COMBH"]
[PlyCount "114"]
[EventDate "2022.09.30"]
[EventCountry "SVK"]
[SourceTitle "playchess.com"]
[Source "ChessBase"]
[SourceQuality "1"]
[TimeControl "2700+10"]

1. e4 c5 2. Nf3 d6 3. Bb5+ Nd7 4. O-O a6 5. Bxd7+ Bxd7 6. c3 g6 7. Re1 Bg7 8. d4 Qc7 9. Bf4 e5 10. dxe5 dxe5 11. Bg3 Ne7 12. h3 O-O 13. Nbd2 b5 14. Nf1 Rad8 15. Qc2 h6 16. Rad1 Be6 17. b3 c4 18. Ne3 f6 19. bxc4 Bxc4 20. Nxc4 Qxc4 21. Qb3 Rc8 22. Rd7 Rf7 23. Ra7 Qxb3 24. axb3 Rxc3 25. Rxa6 Rxb3 26. Rc1 g5 27. Rc5 Ng6 28. Rb6 Rb1+ 29. Kh2 b4 30. Nd2 Rb2 31. Rd5 Rc7 32. Rdd6 Kf7 33. Nf3 Ne7 34. Ne1 Nc8 35. Nd3 Rd2 36. Rbc6 Rxc6 37. Rxc6 Rxd3 38. Rxc8 Bf8 39. Rc1 b3 40. f3 b2 41. Rb1 Rb3 42. Bf2 Bb4 43. Kg1 Ke6 44. Kf1 Bc3 45. Be1 Bxe1 46. Kxe1 Kd6 47. Kd2 Kc5 48. Kc2 Rb6 49. Rxb2 Rxb2+ 50. Kxb2 Kd4 51. Kb3 Ke3 52. Kc4 Kf2 53. Kd5 Kxg2 54. Ke6 Kxf3 55. Kxf6 Kxe4 56. Kg6 Kf4 57. Kxh6 e4 0-1

[Event "Slovakia Open 2022"]
[Site "Bratislava"]
[Date "2022.10.02"]
[Round "8.26"]
[White "Dubnicka, Ferdinand"]
[Black "Hasala, Richard"]
[Result "0-1"]
[ECO "B50"]
[WhiteElo "1494"]
[BlackElo "1537"]
[Annotator "NA RC COMBH"]
[PlyCount "114"]
[EventDate "2022.09.30"]
[EventCountry "SVK"]
[SourceTitle "playchess.com"]
[Source "ChessBase"]
[SourceQuality "1"]
[TimeControl "2700+10"]

1. e4 c5 2. Nf3 d6 3. h3 Nf6 4. Bc4 Nc6 5. d3 a6 6. a4 b6 7. O-O Bb7 8. Nc3 g6 9. Bg5 Bg7 10. Qd2 O-O 11. Bh6 e6 12. Bxg7 Kxg7 13. Qg5 h6 14. Qe3 d5 15. exd5 exd5 16. Nxd5 Nxd5 17. Qd2 Nf6 18. Qc3 Nd4 19. Nxd4 Qxd4 20. Qb3 Qd6 21. f3 Bd5 22. Qc3 Bxc4 23. dxc4 Qd4+ 24. Qxd4 cxd4 25. b3 Rfd8 26. Rad1 Rd6 27. Rd3 Rad8 28. Re1 R6d7 29. g4 Ne8 30. Kf2 Nc7 31. Re5 Ne6 32. Kg3 Nc5 33. Rd2 d3 34. a5 dxc2 35. Rxc2 Nxb3 36. axb6 Nd4 37. Ra2 Rc8 38. c5 f6 39. b7 Rxb7 40. Rd5 Ne6 41. Rxa6 Rxc5 42. Rdd6 Nf8 43. Rxf6 Rf7 44. Rxf7+ Kxf7 45. h4 Re5 46. Rd6 Re6 47. Rd8 Ke7 48. Rb8 Rd6 49. Rb7+ Rd7 50. Rb4 Ne6 51. Re4 Kf6 52. Rb4 g5 53. h5 Nf4 54. Rb6+ Kg7 55. Ra6 Rd2 56. Ra7+ Kf8 57. Rh7 Rg2# 0-1

[Event "Slovakia Open 2022"]
[Site "Bratislava"]
[Date "2022.10.02"]
[Round "8.27"]
[White "Matejka, Simon"]
[Black "Tomcikova, Zuzana"]
[Result "1/2-1/2"]
[ECO "B13"]
[WhiteElo "1422"]
[BlackElo "1796"]
[Annotator "NA COMBH"]
[PlyCount "73"]
[EventDate "2022.09.30"]
[EventCountry "SVK"]
[SourceTitle "playchess.com"]
[Source "ChessBase"]
[SourceQuality "1"]
[TimeControl "2700+10"]

1. e4 c6 2. d4 d5 3. exd5 cxd5 4. Nf3 Nc6 5. Bd3 Bg4 6. c3 e6 7. Bf4 Bd6 8. Bg3 Qc7 9. Nbd2 Nf6 10. Qc2 Rc8 11. Rc1 Bh5 12. O-O Bg6 13. a3 a6 14. Rfe1 Bxg3 15. hxg3 b5 16. Nb3 Bxd3 17. Qxd3 Ne4 18. Nfd2 Nxd2 19. Qxd2 Na5 20. Nc5 Nc4 21. Qg5 O-O 22. Rc2 Ra8 23. Rce2 h6 24. Qg4 Qe7 25. f4 Qd6 26. Nxe6 fxe6 27. Rxe6 Qd7 28. f5 Rae8 29. Qg6 Rxe6 30. Rxe6 Qf7 31. Rxa6 Qxg6 32. fxg6 Rf6 33. Ra8+ Rf8 34. Ra7 Rf6 35. Ra8+ Rf8 36. Ra7 Rf6 37. Ra8+ 1/2-1/2

[Event "Slovakia Open 2022"]
[Site "Bratislava"]
[Date "2022.10.02"]
[Round "8.28"]
[White "Dolnik, Michal"]
[Black "Djubek, Boris"]
[Result "0-1"]
[ECO "C55"]
[WhiteElo "1485"]
[BlackElo "1995"]
[Annotator "TA"]
[PlyCount "122"]
[EventDate "2022.09.30"]
[EventCountry "SVK"]
[SourceTitle "playchess.com"]
[Source "ChessBase"]
[SourceQuality "1"]
[TimeControl "2700+10"]

1. e4 e5 2. Nf3 Nc6 3. Bc4 Be7 4. O-O Nf6 5. Re1 O-O 6. c3 {[%emt 0:00:05] [#]} d6 (6... Nxe4 $1 $15 7. Bd5 (7. Rxe4 d5 $17) (7. Bb5 Nd6) 7... Nf6 8. Bxc6 dxc6 9. Nxe5 Re8) 7. d4 {[%emt 0:00:08] C55: Two Knights: 4 d3, 4 d4 exd4 5 e5 and Max Lange Attack.} Bg4 8. h3 (8. d5 $11 Nb8 9. h3) 8... Bxf3 $15 9. gxf3 {[%emt 0:00:10] Black is slightly better.} Nh5 10. Kh2 (10. f4 $1 $15 Nxf4 11. Bxf4 exf4 12. Nd2) 10... Bg5 $17 11. Rg1 {[%emt 0:00:56] [#]} Bxc1 $146 ({Predecessor:} 11... Nf4 12. Be3 Kh8 13. Nd2 Qf6 14. Bf1 Qh6 15. Qb3 Rab8 16. d5 Ne7 17. Bxa7 Nxh3 18. Bxh3 Bxd2 19. Bxb8 Rxb8 {1-0 (34) Sieber,F (1771)-Fishkin,N (2051) Braunfels 2012}) 12. Qxc1 {[%emt 0:00:05] Hoping for Qh6.} Nf4 (12... exd4 13. Qh6 $14) 13. Qd2 Qf6 14. d5 Ne7 $40 {[%emt 0:00:21][%cal Bc6e7,Be7g6,Bg6h4,Bh4f3,Bf3g1][%mdl 160] White is in trouble.} 15. Na3 Neg6 16. Rg3 Nh5 17. Rg5 {[%emt 0:01:05] [#]} (17. Rf1 $17 {was worth a try.}) 17... Nh4 $1 $19 18. Be2 Nf4 19. Rag1 $2 (19. Rg3) 19... Nxe2 {[%emt 0:01:41] Pair of Knights!} 20. Rxg7+ Kh8 21. Qxe2 Nxf3+ 22. Kh1 Nxg1 23. Rxg1 Rg8 {[%emt 0:00:23] And now ...Rxg1+ would win.} 24. Rf1 (24. Rg3) 24... Rg6 {[%emt 0:01:31] aiming for ...Rag8.} 25. Nb5 a6 (25... Rag8 $142 26. Nd4 Qg7 27. Qd1 Rg2 28. Qg4 Rxg4 29. Ne2 Qh6 30. Nf4 Rxf4 31. Kh2 Rf3 32. Kh1 Rxh3#) 26. Na3 Rag8 27. Nc2 Qf4 28. Ne1 {[%emt 0:00:20] Against Rg2} Rh6 (28... Qh6 $142 29. Qf3 Qg7) 29. Qd3 {[%emt 0:00:27] [#]} Rh4 (29... Qxe4+ $142 $3 30. Kh2 {[#]} Rg2+ $3 31. Nxg2 Qxd3 32. Ne3 Qe4 33. Kg3 Qh4+ 34. Kf3 Qh5+ 35. Ng4 Qxh3+ 36. Ke2 Qxg4+ 37. Kd3 Qf3+ 38. Kd2 Qg2 39. Re1 Qxf2+ 40. Re2 Qf3 41. a4 Rh3 42. Ke1 Qg3+ 43. Kd2 Qd3+ 44. Ke1 Rf3 45. Rf2 Re3+ 46. Re2 Qxe2#) 30. Ng2 Qxe4 31. Qxe4 Rxe4 {[%emt 0:00:02][%mdl 4096] Endgame KRR-KRN} 32. Ne3 Rg5 33. Rg1 Rxg1+ 34. Kxg1 {[%emt 0:00:04] KR-KN} Rf4 35. Kg2 Kg7 36. Kg3 h5 37. h4 Kf6 38. b3 Ke7 39. f3 c6 40. a3 Rf6 41. b4 Kd7 42. a4 Rg6+ 43. Kh2 cxd5 44. Nxd5 f5 45. a5 f4 46. Nb6+ Kc6 {[%emt 0:00:49] White must now prevent ...Rg3.} 47. Nc8 Rg3 48. Ne7+ Kd7 49. Nd5 Rxf3 50. Nf6+ Ke6 51. Nxh5 Rxc3 52. Ng7+ Kf6 53. Ne8+ Ke7 54. Ng7 e4 {[%emt 0:00:14][%cal Be5e4,Be4e3,Be3e2][%mdl 32] ( -> ...Kf6)} 55. Nf5+ Ke6 {[%emt 0:00:25] Black mates.} 56. Ng7+ Kf7 57. Nf5 Rd3 58. Nh6+ Kg6 59. Ng8 e3 60. Ne7+ Kf7 61. Nf5 e2 {[%emt 0:00:08] Black took control after the opening.  Weighted Error Value: White=1.12/Black=0.68} 0-1

[Event "Slovakia Open 2022"]
[Site "Bratislava"]
[Date "2022.10.02"]
[Round "8.29"]
[White "Melih, Mario"]
[Black "Slivka, Vasil"]
[Result "1-0"]
[ECO "E98"]
[WhiteElo "1633"]
[BlackElo "1569"]
[Annotator "NA RC COMBH"]
[PlyCount "85"]
[EventDate "2022.09.30"]
[EventCountry "SVK"]
[SourceTitle "playchess.com"]
[Source "ChessBase"]
[SourceQuality "1"]
[TimeControl "2700+10"]

1. Nf3 Nf6 2. c4 g6 3. d4 Bg7 4. Nc3 d6 5. e4 O-O 6. Be2 e5 7. O-O Nc6 8. d5 Ne7 9. Ne1 Ne8 10. Be3 f5 11. f3 f4 12. Bf2 g5 13. Nd3 Ng6 14. b4 Rf7 15. c5 Bf8 16. a4 h5 17. b5 b6 18. cxb6 axb6 19. Nb4 Ne7 20. Nc6 Nxc6 21. dxc6 Nf6 22. Bc4 g4 23. Qb3 Qe7 24. Bxf7+ Qxf7 25. Qxf7+ Kxf7 26. Bh4 Be6 27. Bxf6 Kxf6 28. Nd5+ Kg5 29. Kf2 Bg7 30. Ke2 Bxd5 31. exd5 Ra5 32. Ra2 h4 33. Kd3 g3 34. hxg3 fxg3 35. Ke4 Kh5 36. Kf5 Bh6 37. Ke6 Bf4 38. Kd7 Ra7 39. Kc8 h3 40. gxh3 Kh4 41. Kb8 g2 42. Rg1 Kxh3 43. Kxa7 1-0

[Event "Slovakia Open 2022"]
[Site "Bratislava"]
[Date "2022.10.02"]
[Round "8.30"]
[White "Kukan, Michal"]
[Black "Malaschitz, Teodor"]
[Result "1-0"]
[ECO "D35"]
[WhiteElo "1767"]
[BlackElo "1448"]
[Annotator "NA RC COMBH"]
[PlyCount "73"]
[EventDate "2022.09.30"]
[EventCountry "SVK"]
[SourceTitle "playchess.com"]
[Source "ChessBase"]
[SourceQuality "1"]
[TimeControl "2700+10"]

1. c4 e6 2. d4 d5 3. Nc3 c6 4. Nf3 Nf6 5. Bg5 Be7 6. e3 Nbd7 7. cxd5 exd5 8. Bd3 h6 9. Bh4 Nh7 10. Bg3 Ndf6 11. h3 Bd6 12. Be5 Bxe5 13. Nxe5 Nd7 14. Nxd7 Bxd7 15. Bxh7 Rxh7 16. O-O Qc7 17. Rc1 Be6 18. Qc2 Rh8 19. e4 dxe4 20. Qxe4 O-O-O 21. Rfd1 Bd5 22. Qf5+ Qd7 23. Qf4 Qc7 24. Qf5+ Qd7 25. Nxd5 Qxf5 26. Ne7+ Kb8 27. Nxf5 g6 28. Ne3 Rd7 29. d5 cxd5 30. Rxd5 Re7 31. Rcd1 Kc7 32. Rb5 Kb8 33. a4 a6 34. Rb6 Rc8 35. a5 Ka7 36. b4 Rc3 37. Nd5 1-0

[Event "Slovakia Open 2022"]
[Site "Bratislava"]
[Date "2022.10.02"]
[Round "8.31"]
[White "Nosal, Tobias"]
[Black "Prochazka, Peter"]
[Result "*"]
[ECO "A90"]
[WhiteElo "1601"]
[BlackElo "1792"]
[Annotator "NA RC COMBH"]
[PlyCount "132"]
[EventDate "2022.09.30"]
[EventCountry "SVK"]
[SourceTitle "playchess.com"]
[Source "ChessBase"]
[SourceQuality "1"]
[TimeControl "2700+10"]

1. d4 e6 2. c4 f5 3. Nc3 Nf6 4. g3 c6 5. Bg2 d5 6. Nf3 Bd6 7. O-O O-O 8. Re1 Ne4 9. e3 Bd7 10. Qc2 Be8 11. Ne2 Nd7 12. Nf4 Qe7 13. Bd2 Nxd2 14. Nxd2 Nf6 15. Rad1 b6 16. a3 a5 17. Rc1 Rb8 18. cxd5 exd5 19. Nf3 Ne4 20. Nd3 c5 21. Nf4 Bc6 22. Rcd1 c4 23. Bf1 b5 24. Nd2 Nf6 25. Nb1 b4 26. axb4 axb4 27. Bg2 Ra8 28. Qxf5 Ne4 29. Qe6+ Rf7 30. Qxe7 Rxe7 31. Nd2 Nf6 32. Ra1 Rea7 33. Rab1 Ra2 34. e4 Bxf4 35. gxf4 c3 36. bxc3 Rxd2 37. exd5 Bxd5 38. cxb4 Rxd4 39. b5 Rxf4 40. b6 Rg4 41. b7 Rxg2+ 42. Kf1 Rb8 43. Re7 Rxh2 44. Rc7 Rh1+ 45. Ke2 Rxb1 46. Rc8+ Kf7 47. Rxb8 Rxb7 48. Rc8 Rb2+ 49. Ke3 Be6 50. Rc7+ Kg6 51. Rc6 Bd7 52. Rc4 Ng4+ 53. Kd4 Rxf2 54. Rc7 Nf6 55. Rc3 Rd2+ 56. Kc4 Be6+ 57. Kb5 Rd5+ 58. Kc6 Bd7+ 59. Kb7 h5 60. Rg3+ Bg4 61. Rg1 h4 62. Rh1 h3 63. Rh2 Kg5 64. Kc6 Kh4 65. Kb6 Kg3 66. Rh1 Bf3 *

[Event "Slovakia Open 2022"]
[Site "Bratislava"]
[Date "2022.10.02"]
[Round "8.32"]
[White "Nedoba, Jakub"]
[Black "Durovka, Stefan"]
[Result "0-1"]
[ECO "A45"]
[WhiteElo "1160"]
[BlackElo "1783"]
[Annotator "NA RC COMBH"]
[PlyCount "84"]
[EventDate "2022.09.30"]
[EventCountry "SVK"]
[SourceTitle "playchess.com"]
[Source "ChessBase"]
[SourceQuality "1"]
[TimeControl "2700+10"]

1. d4 d6 2. Bf4 Nf6 3. e3 h6 4. c3 e6 5. Nd2 Nc6 6. Bd3 a6 7. Ngf3 b5 8. a3 Bb7 9. Bg3 g6 10. Qb1 Bg7 11. Nh4 Ne7 12. O-O g5 13. Nhf3 c5 14. b3 Bc6 15. c4 O-O 16. Re1 Nh5 17. e4 Nxg3 18. hxg3 Rb8 19. e5 bxc4 20. Bxc4 cxd4 21. Bxa6 dxe5 22. Nxe5 Bb7 23. Bc4 Bd5 24. Ndf3 Qc7 25. Bxd5 Nxd5 26. b4 Rfc8 27. Nd3 Qd6 28. Rc1 Nc3 29. Qc2 e5 30. Nc5 Qd5 31. Re1 Re8 32. Ne4 Rbc8 33. Nxc3 Rxc3 34. Qe4 Qxe4 35. Rxe4 f5 36. Ree1 e4 37. Nd2 Ra8 38. a4 d3 39. b5 Rc2 40. Kf1 Rxd2 41. Reb1 Bxa1 42. Rxa1 Rb2 0-1

[Event "Slovakia Open 2022"]
[Site "Bratislava"]
[Date "2022.10.02"]
[Round "8.33"]
[White "Shykhnenko, Hryhorii"]
[Black "Kostic, Ivan"]
[Result "1-0"]
[ECO "C41"]
[WhiteElo "1317"]
[BlackElo "1716"]
[Annotator "NA COMBH"]
[PlyCount "64"]
[EventDate "2022.09.30"]
[EventCountry "SVK"]
[SourceTitle "playchess.com"]
[Source "ChessBase"]
[SourceQuality "1"]
[TimeControl "2700+10"]

1. e4 e5 2. Nf3 d6 3. d4 exd4 4. Nxd4 Nf6 5. Nc3 h6 6. Bf4 Ng4 7. Be2 Ne5 8. O-O g6 9. Qd2 Bg7 10. Rad1 Bd7 11. Bg3 O-O 12. f4 Nec6 13. Nxc6 Bxc6 14. b4 b6 15. Nd5 Nd7 16. f5 Nf6 17. fxg6 Nxe4 18. gxf7+ Rxf7 19. Qe1 Rxf1+ 20. Bxf1 Nxg3 21. Ne7+ Kh8 22. Nxc6 Qd7 23. Qxg3 Qxc6 24. Bd3 Qe8 25. Re1 Be5 26. Qh4 Qf8 27. Bc4 Qf6 28. Qh3 Rf8 29. Rf1 Qg7 30. Rxf8+ Qxf8 31. Qd7 Bxh2+ 32. Kh1 Be5 1-0

[Event "Slovakia Open 2022"]
[Site "Bratislava"]
[Date "2022.10.02"]
[Round "8.34"]
[White "Rehacek, Oldrich"]
[Black "Ruderfer, Mark B"]
[Result "1-0"]
[ECO "A01"]
[WhiteElo "1366"]
[BlackElo "2236"]
[Annotator "TA"]
[PlyCount "81"]
[EventDate "2022.09.30"]
[EventCountry "SVK"]
[SourceTitle "playchess.com"]
[Source "ChessBase"]
[SourceQuality "1"]
[TimeControl "2700+10"]

1. b3 e5 2. Bb2 Nc6 3. e3 d5 4. Bb5 Bd6 5. Nf3 Bg4 6. h3 Bxf3 7. Qxf3 Nf6 8. O-O {[%emt 0:00:35] A01: Nimzowitsch-Larsen Opening.} a6 9. Bxc6+ bxc6 10. d3 {[%emt 0:00:45] White is slightly better.} O-O {[%emt 0:00:12] [#]} 11. c4 $146 ({Predecessor:} 11. Rd1 Qd7 12. c4 Rfe8 13. Nc3 d4 14. exd4 exd4 15. Ne4 Nxe4 16. dxe4 Be5 17. Rd2 {1-0 (30) Formaggini,V-Barchiesi,G (1221) Rosario 2017}) 11... Qe7 12. Nc3 d4 13. exd4 (13. Na4 $16) 13... exd4 $11 {[%emt 0:02:14] [#] White must now prevent ...Qe5.} 14. Rfe1 {[%emt 0:00:56] Prevents Qe5.} (14. Na4 $14) 14... Qd7 ({Black should try} 14... dxc3 $15 15. Rxe7 cxb2) 15. Ne4 (15. Na4 $14) 15... Nxe4 16. Rxe4 c5 17. Rae1 a5 18. Bc1 f5 (18... a4 $11) 19. Re6 $36 {[%emt 0:02:56][%mdl 2048] White is in control.} Rae8 20. Qd5 {[%emt 0:02:24][%mdl 8192] White is more active.} (20. Rxe8 $16 Rxe8 21. Bd2) 20... Rxe6 $2 (20... c6 $17 {keeps the pressure on.} 21. Qxd6 Qxd6 22. Rxe8 Rxe8 23. Rxe8+ Kf7) 21. Rxe6 {[%emt 0:01:47] [#] Re7+ is the strong threat. Black is on the road to losing.} Kh8 (21... Qf7 $16 {was worth a try.} 22. Kf1 Kh8) 22. Bf4 $18 Rd8 23. Bxd6 cxd6 24. Qxf5 Re8 25. Rxe8+ Qxe8 {[%emt 0:00:03][%mdl 4096] Endgame KQ-KQ} 26. Kf1 h6 27. Qd5 Qd8 (27... Qg6 $142) 28. g3 Kh7 29. Qf5+ Kg8 30. Qe6+ Kf8 $2 (30... Kh8 31. Ke2 Qf8) 31. Ke2 Qe7 $2 (31... Qb6 32. Kf3 Qd8) 32. Qxe7+ Kxe7 {[%emt 0:00:02] KP-KP} 33. Kf3 g6 34. Ke4 {[%emt 0:00:04] White wants to mate with f4.} Ke6 35. f4 {[%emt 0:00:38] White mates.} Ke7 36. Kd5 Kd7 37. g4 Ke7 38. h4 Kf6 39. Kxd6 h5 40. gxh5 gxh5 41. Kxc5 {[%emt 0:00:08] Weighted Error Value: White=0.27 (precise) /Black=0.58} 1-0

[Event "Slovakia Open 2022"]
[Site "Bratislava"]
[Date "2022.10.02"]
[Round "8.35"]
[White "Nikpour Aryabod"]
[Black "Merva Max"]
[Result "1-0"]
[ECO "C42"]
[WhiteElo "1000"]
[BlackElo "1000"]
[Annotator "NA RC COMBH"]
[PlyCount "83"]
[EventDate "2022.09.30"]
[EventCountry "SVK"]
[SourceTitle "playchess.com"]
[Source "ChessBase"]
[SourceQuality "1"]
[TimeControl "2700+10"]

1. e4 e5 2. Nf3 Nf6 3. Nxe5 Bd6 4. Nf3 Nc6 5. Nc3 O-O 6. d4 Bb4 7. Bd3 d6 8. Bg5 Bg4 9. Be3 d5 10. exd5 Nxd5 11. Qd2 Qd6 12. a3 Ba5 13. O-O-O Rfe8 14. h3 Bh5 15. g4 Bg6 16. Bxg6 fxg6 17. Qd3 Qe6 18. Nxd5 Qxd5 19. Ne5 Qa2 20. Qc4+ Qxc4 21. Nxc4 h5 22. d5 hxg4 23. hxg4 Red8 24. dxc6 Rxd1+ 25. Rxd1 b6 26. b4 Kf7 27. Ne5+ Kf6 28. Nd7+ Ke6 29. bxa5 b5 30. Nc5+ Kf7 31. Rd7+ Kf6 32. Rxc7 Ke5 33. Rxg7 Rd8 34. Rc7 Kf6 35. Rb7 a6 36. c7 Kg7 37. Ra7 Kf8 38. Rb7 Kf7 39. Ra7 Kg7 40. Rb7 Ra8 41. c8=Q+ Kf6 42. Qe6# 1-0

[Event "Slovakia Open 2022"]
[Site "Bratislava"]
[Date "2022.10.02"]
[Round "9.1"]
[White "Leniart, Arkadiusz"]
[Black "Stocek, Jiri"]
[Result "1/2-1/2"]
[ECO "B22"]
[WhiteElo "2479"]
[BlackElo "2559"]
[Annotator "TA"]
[PlyCount "69"]
[EventDate "2022.09.30"]
[EventCountry "SVK"]
[SourceTitle "playchess.com"]
[Source "ChessBase"]
[SourceQuality "1"]
[TimeControl "2700+10"]

1. e4 c5 2. c3 e6 3. d4 d5 4. exd5 exd5 5. Nf3 Nc6 6. Bb5 Bd6 7. dxc5 Bxc5 8. O-O {[%emt 0:00:03] B22: Sicilian: 2 c3.} Nf6 9. Qe2+ Be6 $1 10. Ng5 Qd7 {[%emt 0:04:16] [#]} 11. Nd2 $146 ({Predecessor:} 11. Nxe6 Qxe6 12. Nd2 O-O 13. Nb3 Bb6 14. a4 a6 15. Qxe6 fxe6 16. Bxc6 bxc6 17. a5 {½-½ (23) Herzog,M (800)-Van Erps,G (1550) LSS email 2015}) 11... O-O 12. Nxe6 fxe6 13. Nb3 Bd6 14. Bg5 Ne4 15. Be3 Qc7 16. g3 a6 17. Bd3 Nf6 18. Bb6 {[%emt 0:01:43] A strong pair of Bishops.} Qf7 19. f4 Rae8 20. Qg2 e5 21. fxe5 {[%emt 0:00:02] The position is equal.} Nxe5 22. Bf5 Nc4 23. Bd4 Ne3 24. Bxe3 Rxe3 25. Rae1 Rfe8 26. Qd2 R3e5 27. Nd4 Bc5 28. Kg2 Bxd4 29. cxd4 R5e7 30. Bc2 Qh5 {[%emt 0:02:20] [#] Strongly threatening ...Re2+.} 31. Bd1 {[%emt 0:00:24] Inhibits Re2+.} Qg6 32. Bc2 Qh5 {[%emt 0:03:24] And now ...Re2+ would win.} 33. Bd1 {[%emt 0:00:03] Prevents Re2+.} Qg6 34. Bc2 Qh5 {[%emt 0:02:58] [#] Hoping for ...Re2+.} 35. Bd1 {[%emt 0:00:03] Prevents Re2+.  Weighted Error Value: White=0.06 (flawless) /Black=0.03 (flawless)} 1/2-1/2